 Dungeon Crawl Stone Soup version 0.31.0-11-ge490571c62 (webtiles) character file.

Game seed: 10007498285852456335

1421 experimilk the Grappler (level 7, -1/70 HPs)
             Began as a Troll Gladiator on Feb 2, 2024.
             Was a Follower of Ru.
             Slain by a gnoll
             ... wielding a +0 spear
             ... led by a gnoll sergeant
              (6 damage)
             ... on level 6 of the Dungeon.
             The game lasted 00:11:53 (4951 turns).

experimilk the Grappler (Troll Gladiator)           Turns: 4951, Time: 00:11:54

Health: -1/70      AC:  6    Str: 25    XL:     7   Next: 44%
Magic:  6/6        EV: 10    Int:  4    God:    Ru [*.....]
Gold:   350        SH:  0    Dex: 11    Spells: 6/6 levels left

rFire   . .          .
                       - Unarmed
rCold   . . .        (no shield)
rNeg    . . .        e - +0 robe
rPois   .            b - +1 hat
rElec   .            n - +0 cloak
rCorr   .            (gloves unavailable)
SInv    .            (boots unavailable)
Will    .....        (no amulet)
Stlth   +            (no ring)
HPRegen 1.11/turn    (no ring)
MPRegen 0.10/turn

%: no passive effects
@: no status effects
A: large, unfitting armour, claws 3, regeneration 1, shaggy fur 1, tough skin 1,
inexperienced 1
a: Renounce Religion


You were on level 6 of the Dungeon.
You worshipped Ru.
Ru was aware of your devotion.
You visited 1 branch of the dungeon, and saw 6 of its levels.
You also visited: Sewer.

You collected 350 gold pieces.

Inventory:

Missiles
 f - 4 atropa-tipped darts
 q - 4 throwing nets
Armour
 b - a +1 hat (worn)
 e - a +0 robe (worn)
 n - a +0 cloak (worn)
Jewellery
 x - a ring of poison resistance
Wands
 d - a wand of quicksilver (5)
 v - a wand of roots (13)
Scrolls
 h - 2 scrolls of teleportation
 i - a scroll of noise
 l - a scroll of enchant armour
 o - a scroll of blinking
 s - a scroll of vulnerability {unknown}
 y - a scroll of brand weapon {unknown}
 z - a scroll of fear {unknown}
 C - a scroll of identify
Potions
 c - 3 potions of lignification
 g - a potion of brilliance {unknown}
 j - 2 potions of attraction
 k - a potion of enlightenment {unknown}
 m - a potion of invisibility {unknown}
 p - 2 potions of heal wounds {unknown}
 r - 3 potions of magic
 t - 4 potions of mutation
 u - a potion of resistance {unknown}
 w - a potion of berserk rage {unknown}
 A - a potion of haste {unknown}
 B - a potion of degeneration {unknown}


   Skills:
 * Level 4.0 Fighting
 - Level 1.7 Throwing
 - Level 2.4 Dodging
 - Level 10.0 Unarmed Combat


You had 6 spell levels left.
You didn't know any spells.
Your spell library contained the following spells:

 Spells                   Type           Power      Damage    Failure   Level
 Inner Flame              Hex/Fire       0%         N/A       86%         3
 Anguish                  Hex/Necr       0%         N/A       99%         4
 Dimensional Bullseye     Hex/Tloc       0%         N/A       99%         4
 Flame Wave               Conj/Fire      0%         2d4       99%         4
 Olgreb's Toxic Radiance  Alch           0%         N/A       99%         4
 Sticky Flame             Fire/Alch      0%         2d4       99%         4
 Ozocubu's Refrigeration  Ice            0%         4d7       100%        7
 Discord                  Hex            0%         N/A       100%        8


Dungeon Overview and Level Annotations

Branches:
Dungeon (6/15)              Sewer (visited)
 Temple: D:4-7

Altars:
Ashenzari
Gozag
Hepliaklqana
Ru
Vehumet
Yredelemnul

Annotations:
D:4 1 runed translucent door, pigah's ghost, novice FoHu


Innate Abilities, Weirdness & Mutations

You are too large for most types of armour.
You have claws for hands.
Your natural rate of healing is unusually fast.
You are covered in fur. (AC +1)
You have tough skin. (AC +1)
You are somewhat inexperienced. (-1 XL)


Message History

The gnoll sergeant hits you from afar with a +0 spear!
You struggle against the net.
The gnoll sergeant hits you from afar with a +0 spear.
You struggle against the net.
The gnoll sergeant hits you from afar with a +0 spear!
The gnoll barely misses you.
The gnoll hits you from afar with a +0 spear.
You rip the net and break free!
The gnoll sergeant closely misses you. The gnoll hits you with a +0 flail!
The gnoll hits you from afar with a +0 spear.
The gnoll sergeant attacks as it pursues you!
The gnoll sergeant hits you from afar with a +0 spear!
The gnoll hits you but does no damage.
Things that are here:
a +0 spear; a gnoll corpse The gnoll sergeant attacks as it pursues you!
The gnoll sergeant hits you but does no damage.
The gnoll sergeant attacks as it pursues you!
The gnoll sergeant hits you from afar with a +0 spear.
The gnoll sergeant hits you from afar with a +0 spear!
The gnoll sergeant attacks as it pursues you!
The gnoll sergeant barely misses you.
The gnoll sergeant attacks as it pursues you!
The gnoll sergeant hits you from afar with a +0 spear!
The gnoll sergeant attacks as it pursues you!
The gnoll sergeant hits you from afar with a +0 spear.
* * * LOW HITPOINT WARNING * * *
The gnoll sergeant attacks as it pursues you!
The gnoll sergeant hits you from afar with a +0 spear!
* * * LOW HITPOINT WARNING * * *
There is an open door here.
The gnoll sergeant attacks as it pursues you!
The gnoll sergeant hits you from afar with a +0 spear!
* * * LOW HITPOINT WARNING * * *
The gnoll sergeant hits you from afar with a +0 spear!
* * * LOW HITPOINT WARNING * * *
There is a stone staircase leading up here.
The gnoll sergeant hits you but does no damage.
The gnoll hits you from afar with a +0 spear.
You die...

.. #.........
...###########'##..... .
..................#..... ..
...................#..... ..
............g.......#..... ..#+##
#....######g####..###.....
.....###....####.gg.###..######..
.....#.......#.......#...#....#..
.....'.......#..@....#...#....#..
.....#.......#.......#..g#....#..
.....#.......#.......#.g.#....#..
.....#.......'.......#...#....#..
.....##################..##...#..
##....................#..##...###
#....................#..........
#....................#...)g.....
#....................#..........


You could see a gnoll sergeant and 3 gnolls.

Vanquished Creatures
  A water moccasin (D:5)
  2 ogres (D:4)
  2 black bears (D:5)
  An ice beast (D:5)
  A phantom (D:6)
  2 bullfrogs (Sewer)
  2 scorpions (D:5)
  A jelly (D:5)
  3 orc priests
  2 sleepcaps (D:5)
  Natasha (D:2)
  Robin (D:2)
  2 gnolls (D:6)
  15 adders
  5 river rats (Sewer)
  A white imp (D:6)
  2 ribbon worms (D:3)
  4 dart slugs
  14 orcs
  16 ball pythons
  6 bats
  8 endoplasms
  2 giant cockroaches
  16 goblins
  11 hobgoblins
  3 jackals (D:2)
  7 kobolds
  5 quokkas
  3 frilled lizards
  14 rats
153 creatures vanquished.

Notes
Turn   | Place    | Note
-------+----------+-------------------------------------------
     0 | D:1      | experimilk the Troll Gladiator began the quest for the Orb.
     0 | D:1      | Reached XP level 1. HP: 19/19 MP: 0/0
    61 | D:1      | Reached XP level 2. HP: 27/27 MP: 1/1
   114 | D:1      | Found a faded altar of an unknown god.
   209 | D:1      | Reached skill level 4 in Unarmed Combat
   393 | D:1      | Reached XP level 3. HP: 33/33 MP: 2/2
  1125 | D:2      | Noticed Robin
  1159 | D:2      | Reached XP level 4. HP: 39/41 MP: 3/3
  1169 | D:2      | Reached skill level 5 in Unarmed Combat
  1181 | D:2      | Killed Robin
  1448 | D:2      | Noticed Natasha
  1452 | D:2      | Killed Natasha
  1591 | D:3      | Found a broken altar of Ashenzari.
  1658 | D:3      | Reached XP level 5. HP: 44/48 MP: 4/4
  1864 | D:3      | Reached skill level 6 in Unarmed Combat
  1892 | D:3      | Got the Anthology of Fiery Jinxing
  2167 | D:3      | Found a glowing drain.
  2181 | Sewer    | Entered a sewer
  2274 | Sewer    | Reached XP level 6. HP: 45/55 MP: 5/5
  2351 | Sewer    | Reached skill level 7 in Unarmed Combat
  2866 | D:4      | Reached skill level 8 in Unarmed Combat
  2866 | D:4      | Reached XP level 7. HP: 31/62 MP: 6/6
  2958 | D:4      | Found a runed translucent door.
  2965 | D:4      | Noticed pigah's ghost (novice FoHu)
  3386 | D:4      | Found a basalt altar of Yredelemnul.
  3447 | D:4      | Found a sacrificial altar of Ru.
  3447 | D:4      | Found an opulent altar of Gozag.
  3737 | D:4      | Became a worshipper of Ru the Awakened
  3783 | D:5      | Entered Level 5 of the Dungeon
  3792 | D:5      | Reached skill level 9 in Unarmed Combat
  3872 | D:5      | Reached XP level 8. HP: 47/70 MP: 7/7
  3935 | D:5      | Reached skill level 10 in Unarmed Combat
  4073 | D:5      | Found a radiant altar of Vehumet.
  4246 | D:5      | Found a hazy altar of Hepliaklqana.
  4512 | D:6      | Gained mutation: You are somewhat inexperienced. (-1 XL)
                  | [Ru sacrifice]
  4512 | D:6      | Reached XP level 7. HP: 67/67 MP: 6/6
  4512 | D:6      | Reached * piety under Ru
  4951 | D:6      | Slain by a gnoll

Illustrated notes

Levels and vault maps discovered:
D:1:      mrwooster_arrival_arrow, layout_loops_ring,
          hellmonk_ecumenical_altar_pennies_from_heaven, minmay_misc_feat_rows
D:2:      layout_basic, uniq_natasha, uniq_robin
D:3:      layout_loops_ring, ashenzari_conservatory_becter,
          cheibrodos_sewer_entry_bend
D:4:      layout_gridville, mainiacjoe_overflow_cross_hatched,
          gammafunk_temple_overflow_statue, ebering_ghost_sewer_d,
          uniq_crazy_yiuf_cottage
D:5:      layout_cave_pools, nzn_hepliaklqana_mist_gate,
          nicolae_vehumet_radiance
D:6:      layout_gridville, kennysheep_generic_room_13

Skill      XL: |  1  2  3  4  5  6  7  8 |
---------------+-------------------------+-----
Unarmed Combat | 4 5 6 8 9 10 | 10.0
Fighting       | 4 3 |  4.0
Throwing       | |  1.7
Dodging        | |  2.4

Action                     |  1- 3 |  4- 6 |  7- 9 || total
---------------------------+-------+-------+-------++-------
  Melee: Unarmed           |    81 |   172 |    64 ||   317
         Punch             |     2 |     6 |     5 ||    13
  Throw: Large rock        |       |     1 |     3 ||     4
         Dart              |       |       |    17 ||    17
 Invoke: Sacrifice Experie |       |       |     1 ||     1
  Evoke: Wand              |       |    15 |       ||    15
    Use: Scroll            |       |     5 |     3 ||     8
   Stab: Sleeping          |     1 |       |     1 ||     2
 Armour: Robe              |    58 |   152 |    60 ||   270
  Dodge: Dodged            |    36 |   113 |    24 ||   173
